 Dungeon Crawl Stone Soup version 0.28-a0-697-g47f3eba078 (webtiles) character file.

Game seed: 14771186978088428373

797 MacCMillion the Magician (level 8, -5/58 HPs)
             Began as a Djinni Venom Mage on Oct 23, 2021.
             Shot with an arrow by a centaur (7 damage)
             ... on level 5 of the Dungeon.
             The game lasted 00:16:49 (5515 turns).

MacCMillion the Magician (Djinni Venom Mage)        Turns: 5515, Time: 00:16:49

Health: -5/58      AC:  2    Str:  9    XL:     8   Next: 13%
Gold:   152        EV: 12    Int: 17    God:
                   SH:  0    Dex: 14

rFire   + + .      SeeInvis .   f - +2 dagger (venom)
rCold   x . .      Faith    .   (no shield)
rNeg    . . .      Spirit   .   a - +0 robe
rPois   ∞          Reflect  .   (no helmet)
rElec   .          Harm     .   (no cloak)
rCorr   .          Rampage  .   (no gloves)
Will    .....                   (boots unavailable)
Stlth   ++........              (no amulet)
HPRegen 0.19/turn               (no ring)
MPRegen 0.00/turn               (no ring)

@: flying
A: sickness immunity, fire resistance 2, cold vulnerability 1, float, innate
caster, hp casting, extra vitality 1
a: no special abilities


You were on level 5 of the Dungeon.
You visited 1 branch of the dungeon, and saw 5 of its levels.

You collected 152 gold pieces.

Inventory:

Hand Weapons
 f - a +2 dagger of venom (weapon)
 i - a +0 rapier
 k - a +0 whip of freezing
 r - a +1 vampiric whip
Armour
 a - a +0 robe (worn)
Jewellery
 h - a ring of fire
 t - a ring of see invisible
Wands
 n - a wand of digging (8)
Scrolls
 l - a scroll of enchant armour {unknown}
 p - a scroll of acquirement {unknown}
 u - a scroll of immolation {unknown}
 v - a scroll of fear {unknown}
Potions
 b - 3 potions of curing
 c - 3 potions of lignification {unknown}
 d - 2 potions of haste {unknown}
 e - a potion of attraction {unknown}
 g - 2 potions of flight {unknown}
 j - 2 potions of cancellation {unknown}
 m - 3 potions of heal wounds {unknown}
 o - a potion of brilliance {unknown}
 q - a potion of berserk rage {unknown}
 s - a potion of degeneration {unknown}


   Skills:
 + Level 4.4 Fighting
 + Level 0.0 Short Blades
 - Level 2.3 Dodging
 - Level 1.8 Stealth
 * Level 5.9 Spellcasting


You had 2 spell levels left.
You knew the following spells:

 Your Spells              Type           Power      Damage    Failure   Level
a - Sting                 Tmut/Pois      100%       1d8       1%          1
b - Poisonous Vapours     Pois/Air       50%        N/A       1%          2
c - Mephitic Cloud        Conj/Pois/Air  25%        N/A       3%          3
d - Olgreb's Toxic Radia  Pois           25%        N/A       12%         4
e - Pain                  Necr           100%       1d9       1%          1
f - Searing Ray           Conj           50%        2d6       1%          2
g - Ozocubu's Armour      Ice            25%        N/A       3%          3
Your spell library was empty.

Dungeon Overview and Level Annotations

Branches:
Dungeon (5/15)
 Temple: D:4-7

Altars:
Fedhas
Kikubaaqudgha
Nemelex Xobeh
Qazlal
Xom

Shops:
D:2 =*[!:

Annotations:
D:3 3 runed translucent doors, atomjack's ghost, amateur DsIE; fly's ghost, amateur FoDe; hypergardens's ghost, amateur TrMo


Innate Abilities, Weirdness & Mutations

You are immune to sickness and miasma.
You are immune to poison.
Your flesh is very heat resistant. (rF++)
You are vulnerable to cold. (rC-)
You float through the air rather than walking.
You learn spells naturally, not from books.
Your magical power is your life essence.
You have superior vitality. (+4 HP)


Message History

You barely miss the hound skeleton.
The hound skeleton is severely damaged.
The hound skeleton barely misses you.
You hit the hound skeleton.
The hound skeleton is severely damaged.
The hound skeleton misses you. The hound skeleton barely misses you.
You hit the hound skeleton but do no damage.
The hound skeleton is severely damaged.
The hound skeleton bites you but does no damage.
You hit the hound skeleton.
The hound skeleton is almost destroyed.
The hound skeleton misses you.
You hit the hound skeleton.
You destroy the hound skeleton!
As you open the door, it creaks loudly!
There is an open door here.
A centaur comes into view.
Found a hand axe.
The centaur wields a +0 shortbow.
The centaur shoots an arrow.
The arrow hits you!
Casting: Poisonous Vapours (safe; 1% risk of failure)
Confirm with . or Enter, or press ? or * to list all spells.
Aiming: Poisonous Vapours (safe; 1% risk of failure)
Press: ? - help, Dir - move target, f - centaur
Aim: a centaur, wielding a +0 shortbow and quivering arrows Poisonous vapours surround the centaur!
The centaur is poisoned.
The centaur shoots an arrow.
The arrow barely misses you.
The centaur shoots an arrow.
The arrow barely misses you.
The centaur shoots an arrow.
The arrow hits you.
The centaur shoots an arrow.
The arrow hits you.
As you close the door, it creaks loudly!
The centaur shoots an arrow.
The arrow hits you!
* * * LOW HITPOINT WARNING * * *
The centaur shoots an arrow.
The arrow barely misses you.
The centaur shoots an arrow.
The arrow hits you!
* * * LOW HITPOINT WARNING * * *
It was a potion of curing.
You feel better.
The centaur shoots an arrow.
The arrow hits you!
* * * LOW HITPOINT WARNING * * *
The centaur shoots an arrow.
The arrow hits you!
You die...

#+##### ## #.....####..#
#######+###............
.......................
.......................
...............c.......
#.##...###+c.........)
#..##.##...###.########∩##
#.....#.....#.@#
#.>...#.....#..# #
....>#.....#..# ##
#...##...###.#
.####...##...#####
..##........)..#
..##...........#
..##...........#
.###...........#


You could see a centaur (poisoned).

Vanquished Creatures
  Sigmund (D:4)
  A sky beast (D:5)
  An ogre (D:4)
  A scorpion (D:4)
  2 orc priests (D:4)
  A hound (D:5)
  A gnoll shaman (D:4)
  2 orc wizards (D:4)
  2 hound skeletons
  6 gnolls
  5 adders
  An adder skeleton (D:4)
  2 dart slugs
  6 orcs (D:4)
  4 ball pythons
  7 endoplasms
  6 giant cockroaches
  9 goblins
  4 hobgoblins
  9 jackals
  6 quokkas
  4 bats
  3 frilled lizards
  10 kobolds
  5 rats
99 creatures vanquished.

Vanquished Creatures (others)
  3 withered plants (D:3)
3 creatures vanquished.

Grand Total: 102 creatures vanquished

Notes
Turn   | Place    | Note
-------+----------+-------------------------------------------
     0 | D:1      | MacCMillion the Djinni Venom Mage began the quest for the
                  | Orb.
     0 | D:1      | Reached XP level 1. HP: 15/15 MP: 0/0
   325 | D:1      | Reached XP level 2. HP: 19/21 MP: 0/0
   761 | D:1      | Reached XP level 3. HP: 23/25 MP: 0/0
   761 | D:1      | Learned a level 1 spell: Pain
   903 | D:1      | Reached skill level 3 in Spellcasting
  1604 | D:2      | Found Meloc's Distillery.
  1793 | D:2      | Found a faded altar of an unknown god.
  1861 | D:2      | Reached skill level 1 in Fighting
  1887 | D:2      | Reached XP level 4. HP: 25/32 MP: 0/0
  2102 | D:2      | Found Geew's Assorted Antiques.
  2167 | D:2      | Found Coanoel's Antique Armour Shoppe.
  2317 | D:2      | Found Iggaew's Jewellery Shop.
  2437 | D:2      | Found Lodwimeg's Book Shop.
  2817 | D:3      | Reached XP level 5. HP: 33/38 MP: 0/0
  2817 | D:3      | Learned a level 2 spell: Searing Ray
  3298 | D:3      | Found a runed translucent gate.
  3303 | D:3      | Found a runed translucent gate.
  3303 | D:3      | Found a runed translucent gate.
  3305 | D:3      | Noticed fly's ghost (amateur FoDe)
  3305 | D:3      | Noticed atomjack's ghost (amateur DsIE)
  3305 | D:3      | Noticed hypergardens's ghost (amateur TrMo)
  3688 | D:4      | Noticed an ogre
  3711 | D:4      | Killed an ogre
  3712 | D:4      | Reached skill level 4 in Spellcasting
  3712 | D:4      | Reached XP level 6. HP: 19/45 MP: 0/0
  3909 | D:4      | Found a stormy altar of Qazlal.
  4078 | D:4      | Found a shimmering altar of Xom.
  4370 | D:4      | Noticed Sigmund
  4388 | D:4      | Reached XP level 7. HP: 36/50 MP: 0/0
  4388 | D:4      | Learned a level 3 spell: Ozocubu's Armour
  4628 | D:4      | Reached skill level 5 in Spellcasting
  4680 | D:4      | Killed Sigmund
  5173 | D:5      | Entered Level 5 of the Dungeon
  5173 | D:5      | Found a sparkling altar of Nemelex Xobeh.
  5197 | D:5      | Reached XP level 8. HP: 29/58 MP: 0/0
  5454 | D:5      | Found a blossoming altar of Fedhas.
  5515 | D:5      | HP: 2/58 [centaur/arrow (7)]
  5515 | D:5      | Shot with an arrow by a centaur

Illustrated notes

Levels and vault maps discovered:
D:1:      wander_arrival_chamber, layout_basic, roderic_st_hans_cross
D:2:      layout_basic, serial_shops, shop_fountains, shop_statue,
          nicolae_shop_competitors_out_of_business, nicolae_diamond_shop,
          nicolae_shop_stone, chequers_ecumenical_altar_simple,
          corexii_item_surrounded_by_moat, minmay_worlds_worst_comb
D:3:      layout_basic, nicolae_kikubaaqudgha_miasma_corner,
          gammafunk_ghost_cemetery
D:4:      layout_rooms, nicolae_qazlal_general_emergency,
          mainiacjoe_overflow_surrounded_room, uniq_sigmund
D:5:      layout_gridville, lemuel_round_altar,
          nemelex_xobeh_ov_fountains_minmay, chequers_ossuary_entry_cave

Skill      XL: |  1  2  3  4  5  6  7 |
---------------+----------------------+-----
Spellcasting   | 3 4 5 |  5.9
Fighting       | 1 2 3 4 |  4.4
Dodging        | |  2.3
Stealth        | |  1.8

Action                   |  1- 3 |  4- 6 |  7- 9 || total
-------------------------+-------+-------+-------++-------
Melee: Dagger            |    12 |    41 |    29 ||    82
 Cast: Sting             |    48 |    29 |     7 ||    84
       Poisonous Vapours |       |    41 |    24 ||    65
       Searing Ray       |       |     1 |       ||     1
  Use: Scroll            |       |       |     1 ||     1
       Potion            |       |       |     1 ||     1
 Stab: Sleeping          |     5 |     2 |     1 ||     8
Armor: Robe              |     6 |     8 |     3 ||    17
Dodge: Dodged            |    17 |    33 |    20 ||    70

Table legend: (Time is in decaauts)
 A = Elapsed time spent in this place.
 B = Non-inter-level travel time spent in this place.
 C = Inter-level travel time spent in this place.
 D = Time resting spent in this place.
 E = Time spent auto-exploring this place.
 F = Levels seen in this place.
 G = Mean time per level.
                   A        B        C        D        E       F      G
               +--------+--------+--------+--------+--------+-----+--------+
         Total |   5515 |   5363 |    152 |    732 |   3704 |   5 | 1103.0 |
       Dungeon |   5515 |   5363 |    152 |    732 |   3704 |   5 | 1103.0 |
               +--------+--------+--------+--------+--------+-----+--------+

Top non-repeatable levels by time:
     D:1: 1476 daAuts
     D:4: 1414 daAuts
     D:3: 1262 daAuts
     D:2: 1019 daAuts
     D:5: 341 daAuts
